cohdb
Replays
Latest Replays
All Replays
Popular Replays
Top Player Replays
Match Explorer
How It Works
Community
CoH3 Stats
Reddit
Sign in to upload your games and track your stats! →
Sign in with Steam
Match 39723013
Unlisted
Match 39723013
Overview
Messages
Build Orders
End
Engineer Squad
Construct Barracks
1⁄4-ton 4x4 Truck
Riflemen Squad
Riflemen Squad
Air Support Center
Grenade Package
Construct Weapon Support Center
M3 Armored Personnel Carrier
Selects Heavy Weapons
Selects Assault Carriers
P-47 Dive Bomb
Bazooka Squad
Engineer Squad
Grasshopper Recon Run
Advanced Air Reconnaissance
.30 cal Machine Gun
M3 Assault Carrier
M3 Assault Carrier
COLYT
[078]Eric(NL)
Gringo_Killah1
VikingKong
insane
A2O
Getmeout
Dsadow
0
0
Comments
sign in to comment!
No comments posted yet!